 Dungeon Crawl Stone Soup version 0.30-a0-313-gae38170b09 (webtiles) character file.

Game seed: 7208042316342446578

32 Babtu the Magician (level 3, 0/19 HPs)
             Began as a Deep Elf Air Elementalist on Oct 26, 2022.
             Slain by a nameless horror (6 damage)
             ... created by miscasting Call Canine Familiar
             ... on level 3 of the Dungeon.
             The game lasted 00:14:27 (1956 turns).

Babtu the Magician (Deep Elf Air Elementalist)      Turns: 1956, Time: 00:14:27

Health: 0/19       AC:  2    Str:  5    XL:     3   Next: 8%
Magic:  1/9        EV: 13    Int: 21    God:
Gold:   43         SH:  0    Dex: 15    Spells: 2/8 levels left

rFire   . . .      SeeInvis .    (no weapon)
rCold   . . .      Faith    .    (no shield)
rNeg    . . .      Spirit   .    a - +0 robe
rPois   .          Reflect  .    (no helmet)
rElec   .          Harm     .    (no cloak)
rCorr   .          Rampage  .    (no gloves)
Will    .....                    (no boots)
Stlth   ++........               (no amulet)
HPRegen 0.23/turn                (no ring)
MPRegen 0.11/turn                (no ring)

@: no status effects
A: no striking features
a: no special abilities


You were on level 3 of the Dungeon.
You visited 1 branch of the dungeon, and saw 3 of its levels.

You collected 43 gold pieces.

Inventory:

Missiles
 h - 5 boomerangs
Armour
 a - a +0 robe (worn)
Scrolls
 c - a scroll of butterflies {unknown}
 e - a scroll of vulnerability
 f - a scroll of identify {unknown}
 g - a scroll of noise {unknown}
 i - a scroll of brand weapon {unknown}
 j - 4 scrolls of fear {unknown}
Potions
 b - a potion of magic
 d - a potion of heal wounds {unknown}


   Skills:
 + Level 2.9 Dodging
 + Level 3.0 Stealth
 + Level 3.4 Spellcasting
 + Level 1.7 Conjurations
 + Level 3.2 Air Magic


You had 2 spell levels left.
You knew the following spells:

 Your Spells              Type           Power      Damage    Failure   Level
a - Shock                 Conj/Air       56%        1d6       4%          1
b - Static Discharge      Conj/Air       28%        2-4/arc   7%          2
c - Call Canine Familiar  Summ           3%         N/A       36%         3

Your spell library contained the following spells:

 Spells                   Type           Power      Damage    Failure   Level
 Poisonous Vapours        Pois/Air       20%        N/A       10%         2
 Cigotuvi's Dreadful Rot  Necr/Pois/Air  16%        N/A       12%         2
 Swiftness                Air            17%        N/A       10%         3
 Mephitic Cloud           Conj/Pois/Air  10%        N/A       19%         3
 Airstrike                Air            8%         2d(2-18)  32%         4
 Portal Projectile        Hex/Tloc       6%         N/A       36%         3
 Leda's Liquefaction      Hex/Erth       1%         N/A       77%         4


Dungeon Overview and Level Annotations

Branches:
Dungeon (3/15)

Altars:

Shops:
D:1 !:!(?

Annotations:
D:1 1 transporter


Message History

The nameless horror hits you.
You climb upwards.
Level annotation: 1 transporter
There is a stone staircase leading down here.
Casting: Call Canine Familiar (astonishingly dangerous; 36% risk of failure)
Confirm with . or Enter, or press ? or * to list all spells.
Okay, then.
You can't go up here!
The nameless horror closely misses you.
You climb downwards.
There is a stone staircase leading up here.
There is a stone staircase leading down here.
You can't go up here!
The nameless horror hits you but does no damage.
Your magical contamination has completely faded away.
You climb downwards.
There is a stone staircase leading up here.
The nameless horror hits you.
* * * LOW HITPOINT WARNING * * *
You feel your power leaking away.
You climb upwards.
There is a stone staircase leading down here.
There is a stone staircase leading up here.
The nameless horror hits you.
* * * LOW HITPOINT WARNING * * *
You feel your power leaking away.
You climb upwards.
Level annotation: 1 transporter
There is a stone staircase leading down here.
The nameless horror barely misses you.
You climb downwards.
There is a stone staircase leading up here.
The nameless horror attacks as you move away!
The nameless horror barely misses you.
There is a stone staircase leading down here.
The nameless horror barely misses you.
You climb downwards.
There is a stone staircase leading up, spattered with blood here.
The nameless horror hits you.
You die... .#########.# .......@X..# .########.#.# #

You could see a nameless horror.

Vanquished Creatures
  6 endoplasms
  A giant cockroach (D:2)
  2 goblins
  A hobgoblin (D:1)
  6 jackals
  2 kobolds (D:1)
  3 ball pythons
  A bat (D:1)
  3 frilled lizards
  4 rats
29 creatures vanquished.

Notes
Turn   | Place    | Note
-------+----------+-------------------------------------------
     0 | D:1      | Babtu the Deep Elf Air Elementalist began the quest for the
                  | Orb.
     0 | D:1      | Reached XP level 1. HP: 10/10 MP: 6/6
   153 | D:1      | Found Roasek's Distillery.
   221 | D:1      | Reached XP level 2. HP: 5/15 MP: 0/8
   542 | D:1      | Found Zarchurph's Weapon Shop.
   766 | D:1      | Found Belufuan's Magic Scroll Shop.
   845 | D:1      | Found Beale's Book Shop.
  1293 | D:2      | Reached XP level 3. HP: 9/19 MP: 2/9
  1377 | D:2      | Learned a level 2 spell: Static Discharge
  1381 | D:2      | Learned a level 3 spell: Call Canine Familiar
  1922 | D:2      | Noticed a nameless horror
  1956 | D:3      | Slain by a nameless horror

Illustrated notes

Levels and vault maps discovered:
D:1:      spicycebolla_arrival_risky_transporter, layout_rooms, serial_shops,
          shop, shop_fountains, shop_scrolls, nicolae_lakefront_shop, shop
D:2:      layout_basic
D:3:      layout_loops_ring, mainiacjoe_overflow_paths, grunt_decor_clamped,
          kennysheep_generic_room_15, uniq_ijyb, uniq_crazy_yiuf_cottage,
          uniq_terence, uniq_sigmund

Skill      XL: |  1  2  3 |
---------------+----------+-----
Stealth        | 3 |  3.0
Dodging        | |  2.9
Spellcasting   | |  3.4
Conjurations   | |  1.7
Air Magic      | |  3.2

Action                   || total
-------------------------++-------
Melee: Unarmed           ||     2
 Cast: Shock             ||    54
       Call Canine Famil ||     2
  Use: Scroll            ||     1
Armor: Robe              ||     8
Dodge: Dodged            ||    24

Table legend: (Time is in decaauts)
 A = Elapsed time spent in this place.
 B = Non-inter-level travel time spent in this place.
 C = Inter-level travel time spent in this place.
 D = Time resting spent in this place.
 E = Time spent auto-exploring this place.
 F = Levels seen in this place.
 G = Mean time per level.
                   A        B        C        D        E       F      G
               +--------+--------+--------+--------+--------+-----+--------+
         Total |   1959 |   1921 |     38 |   1028 |    628 |   3 |  653.0 |
       Dungeon |   1959 |   1921 |     38 |   1028 |    628 |   3 |  653.0 |
               +--------+--------+--------+--------+--------+-----+--------+

Top non-repeatable levels by time:
     D:1: 1073 daAuts
     D:2: 882 daAuts
     D:3: 3 daAuts
